 Dungeon Crawl Stone Soup version 0.31-a0-675-g238779eb0a (webtiles) character file.

Game seed: 2190933565088751788

324 qw the Shooter (level 6, -1/39 HPs)
             Began as a Gargoyle Hunter on Sept 5, 2023.
             Killed from afar by Ijyb (14 damage)
             ... with a bolt of dispelling energy
             ... on level 3 of the Dungeon.
             The game lasted 00:00:58 (2296 turns).

qw the Shooter (Gargoyle Hunter)                    Turns: 2296, Time: 00:00:59

Health: -1/39      AC:  8    Str: 16    XL:     6   Next: 48%
Magic:  6/6        EV: 12    Int: 12    God:
Gold:   129        SH:  0    Dex: 15    Spells: 5/5 levels left

rFire   + . .        Y - +0 shortbow
rCold   . . .        (shield currently unavailable)
rNeg    + . .        b - +1 robe of the Midnight Sun {rF+ Str+2 Int+2}
rPois   inf          (no helmet)
rElec   +            (no cloak)
rCorr   .            d - +0 pair of gloves
SInv    .            (no boots)
Will    .....        (no amulet)
Stlth   ++           (no ring)
HPRegen 0.26/turn    (no ring)
MPRegen 0.10/turn

%: no passive effects
@: no status effects
A: sickness immunity, AC +4, negative energy resistance 1, electricity
resistance, torment resistance 1, petrification resistance
a: no special abilities


You were on level 3 of the Dungeon.
You visited 1 branch of the dungeon, and saw 5 of its levels.

You collected 129 gold pieces.


Innate Abilities, Weirdness & Mutations

You are immune to sickness and miasma.
Your stone body is resilient. (AC +4)
You are immune to poison.
You resist negative energy. (rN+)
You are resistant to electric shocks. (rElec)
You are resistant to unholy torment.
You are immune to petrification.


   Skills:
 - Level 4.6 Fighting
 + Level 6.2 Ranged Weapons
 - Level 1.7 Armour
 - Level 1.5 Dodging
 - Level 1.1 Stealth


You had 5 spell levels left.
You didn't know any spells.
Your spell library was empty.

Inventory:

Hand Weapons
 Y - a +0 shortbow (weapon)
Armour
 b - the +1 robe of the Midnight Sun (worn) {rF+ Str+2 Int+2}
   (You found it on level 3 of the Dungeon)

   Str+2:     It affects your strength (+2).
   Int+2:     It affects your intelligence (+2).
   rF+:       It protects you from fire.
 d - a +0 pair of gloves (worn)
Scrolls
 a - 2 scrolls of identify
Potions
 c - a potion of haste
 e - 2 potions of curing {unknown}
 f - 2 potions of enlightenment
 g - a potion of heal wounds

Dungeon Overview and Level Annotations

Branches:
Dungeon (5/15)
 Temple: D:4-7

Altars:
Hepliaklqana
Sif Muna
Uskayaw
Xom

Annotations:
D:3 Ijyb


Message History

You shoot an arrow. The arrow hits the bat.
The bat is moderately wounded.
Ijyb the Twisted Goblin comes into view.
She is wielding a +0 dagger and carrying a wand of quicksilver.
Ijyb moves out of view.
You shoot an arrow. The arrow closely misses the bat.
The bat hits you but does no damage.
You shoot an arrow. The arrow hits the bat.
You kill the bat!
Found a scroll of noise, a dagger and a scroll labelled RYROEM CYIR.
Found a faded altar of an unknown god.
Ijyb shouts!
A kobold comes into view. It is wielding a +0 dagger.
Ijyb zaps a wand.
The bolt of dispelling energy hits you!!
Ouch! That really hurt!
The kobold shouts!
You shoot an arrow. The arrow closely misses the kobold.
You shoot an arrow.
The arrow hits the kobold but does no damage.
You shoot an arrow. The arrow closely misses the kobold.
You shoot an arrow.
The arrow hits the kobold but does no damage.
You shoot an arrow. The arrow hits the kobold.
The kobold is severely wounded.
The kobold barely misses you.
You shoot an arrow.
The arrow hits the kobold but does no damage.
The kobold is severely wounded.
The kobold closely misses you.
You shoot an arrow.
The arrow hits the kobold but does no damage.
The kobold is severely wounded.
Ijyb zaps a wand.
The bolt of dispelling energy hits you! The kobold hits you but does no damage.
You shoot an arrow. The arrow closely misses the kobold.
Ijyb hits you but does no damage. The kobold misses you.
You shoot an arrow. The arrow hits the kobold.
You kill the kobold!
Ijyb zaps a wand.
The bolt of dispelling energy hits you!
You die...

........
.?.....
.._..# .?..#
...######
..#....
##g).#
####.@#
###.....#
##...###.# ..
####..#####.#
..
#...........#
#.#
##...########
#.# ###..##
#.###.%..#
#.#...#.##


You could see Ijyb.

Vanquished Creatures
  A phantom (D:4)
  A scorpion (D:5)
  2 hounds (D:5)
  An orc wizard (D:5)
  2 adders (D:5)
  An ufetubus (D:5)
  2 worms
  2 dart slugs
  3 orcs
  5 bats
  6 endoplasms
  7 giant cockroaches
  6 goblins
  4 hobgoblins
  3 jackals (D:3)
  8 kobolds
  6 ball pythons
  5 frilled lizards
  5 rats
70 creatures vanquished.

Notes
Turn   | Place    | Note
-------+----------+-------------------------------------------
     0 | D:1      | qw the Gargoyle Hunter began the quest for the Orb.
     0 | D:1      | Reached XP level 1. HP: 12/12 MP: 1/1
     0 | D:1      | 0 ||| qw: Version: 0.3-a-75-g829b12e
     0 | D:1      | 0 ||| qw: Game counter: 87
     0 | D:1      | 0 ||| qw: Melee chars always use a shield: true
     0 | D:1      | 0 ||| qw: God list: Okawaru
     0 | D:1      | 0 ||| qw: Allow faded altars: false
     0 | D:1      | 0 ||| qw: Do Orc after clearing Dungeon:15 true
     0 | D:1      | 0 ||| qw: Do second Lair branch before Depths: true
     0 | D:1      | 0 ||| qw: Lair rune preference: random
     0 | D:1      | 0 ||| qw: Goals: Normal
     0 | D:1      | 0 ||| PLANNING D:1-11
    90 | D:1      | Reached XP level 2. HP: 17/17 MP: 2/2
   458 | D:1      | Reached XP level 3. HP: 21/21 MP: 3/3
   528 | D:1      | Reached skill level 5 in Ranged Weapons
   825 | D:1      | 825 ||| UPGRADING to +0 pair of gloves.
   830 | D:1      | 830 ||| READING scroll labelled OZIEMI LUSEOCHO.
   831 | D:1      | 831 ||| READING scroll labelled XENU WA NOSENN.
   832 | D:1      | 832 ||| READING scroll labelled ELEAMU SISSAQA.
   833 | D:1      | 833 ||| DROPPING scroll of butterflies.
   979 | D:2      | Found a shimmering blue altar of Sif Muna.
  1173 | D:2      | Reached skill level 3 in Fighting
  1217 | D:2      | 1217 ||| READING scroll labelled WED WUDALEXTONN.
  1220 | D:2      | 1220 ||| DRINKING 2 sapphire potions.
  1221 | D:2      | 1221 ||| READING 5 scrolls of identify.
  1221 | D:2      | 1221 ||| IDENTIFYING grey potion
  1222 | D:2      | 1222 ||| READING 4 scrolls of identify.
  1222 | D:2      | 1222 ||| IDENTIFYING inky potion
  1223 | D:2      | 1223 ||| DROPPING potion of invisibility.
  1276 | D:3      | Reached XP level 4. HP: 28/28 MP: 4/4
  1303 | D:3      | Identified the +1 robe of the Midnight Sun {rF+ Str+2
                  | Int+2}
  1321 | D:3      | You fall into a shaft and drop 2 floors!
  1321 | D:5      | Entered Level 5 of the Dungeon
  1322 | D:5      | 1322 ||| PLANNING OSSUARY
  1331 | D:5      | Identified the +11 mace "Pan Ysut" {heavy, Contam Int+3
                  | Stlth+}
  1429 | D:5      | Found a shimmering altar of Xom.
  1570 | D:5      | Noticed a scorpion
  1587 | D:5      | Killed a scorpion
  1588 | D:5      | Reached skill level 6 in Ranged Weapons
  1588 | D:5      | Reached XP level 5. HP: 20/32 MP: 5/5
  1651 | D:5      | Found a hide-covered altar of Uskayaw.
  1735 | D:5      | Reached skill level 1 in Armour
  1952 | D:5      | Reached XP level 6. HP: 37/37 MP: 6/6
  1960 | D:5      | 1960 ||| RIP OSSUARY
  1961 | D:5      | 1961 ||| PLANNING D:1-11
  1984 | D:5      | 1984 ||| UPGRADING to +1 robe of the Midnight Sun {rF+
                  | Str+2 Int+2}.
  1994 | D:5      | 1994 ||| DROPPING +0 leather armour.
  1995 | D:5      | 1995 ||| DROPPING +6 ring of intelligence.
  1996 | D:5      | 1996 ||| READING scroll labelled XAIVANKUUHU.
  2051 | D:4      | Found a hazy altar of Hepliaklqana.
  2233 | D:4      | 2233 ||| READING scroll labelled TADAEZX KIPT.
  2234 | D:4      | 2234 ||| READING 3 scrolls of identify.
  2234 | D:4      | 2234 ||| IDENTIFYING golden potion
  2284 | D:3      | Noticed Ijyb
  2287 | D:3      | Found a faded altar of an unknown god.
  2296 | D:3      | Killed from afar by Ijyb

Levels and vault maps discovered:
D:1:      beargit_arrival_diablo_church, layout_basic
D:2:      layout_rooms, basic_altar
D:3:      layout_basic, ebering_ecumenical_altar_sacrificial, uniq_ijyb
D:4:      layout_gridville, zin_statuary, mainiacjoe_overflow_24_doors,
          serial_shops, kennysheep_little_box, nicolae_shop_firing_range,
          uniq_sigmund, uniq_menkaure
D:5:      layout_basic, mainiacjoe_overflow_alcove_1, overflow_temple_1_default,
          enter_ossuary_2

Skill      XL: |  1  2  3  4  5  6 |
---------------+-------------------+-----
Ranged Weapons | 5 6 |  6.2
Fighting       | 3 4 |  4.6
Armour         | 1 |  1.7
Dodging        | |  1.5
Stealth        | |  1.1

Action                     |  1- 3 |  4- 6 || total
---------------------------+-------+-------++-------
   Fire: Shortbow          |   117 |   120 ||   237
    Use: Scroll            |     6 |     3 ||     9
         Potion            |     1 |       ||     1
 Armour: Leather armour    |     8 |    22 ||    30
         Robe              |       |    24 ||    24
  Dodge: Dodged            |     8 |    34 ||    42

Table legend:
 A = Non-vault XP
 B = Vault XP
 C = Vault XP percentage of total XP
 D = Non-vault monster count
 E = Vault monster count
 F = Vault count percentage of total count
                 A         B        C        D         E       F
            +---------+---------+-------+---------+---------+-------
      Total |     463 |       1 |   0.2 |      69 |       1 |   1.4
            +---------+---------+-------+---------+---------+-------
        D:1 |      51 |       1 |   1.9 |      30 |       1 |   3.2
        D:2 |      23 |       0 |   0.0 |      12 |       0 |   0.0
        D:3 |      13 |       0 |   0.0 |       9 |       0 |   0.0
        D:4 |     127 |       0 |   0.0 |       9 |       0 |   0.0
        D:5 |     249 |       0 |   0.0 |       9 |       0 |   0.0
            +---------+---------+-------+---------+---------+-------
